AoeStats
← Kane19

Arabia

514267903Analyzed
1v1 RM · 1d ago on Oct 17, 2026· 60m 26s· 2 players
Game mode
Random Map
Map size
Tiny (2 player)
Population
200
Speed
Normal
Resources
Standard
Victory
Conquest
Starting age
Dark Age
Ending age
Imperial Age
RankedLock teamsTeams togetherTeam positionsShared explorationLock speedFull tech treeHidden civsTurbo modeCheats
Victory
Defeat
🇨🇳 Magyars · China
1253
+17
vs
🇩🇪 Mongols · Germany
1264
-17
Kane19
7:25 Loom
9:29 Feudal Age
14:39 Double-Bit Axe
16:26 Horse Collar
18:18 Bloodlines
20:15 Castle Age
19:40 Scale Barding Armor
20:01 Bloodlines
21:31 Chain Barding Armor
23:40 Light Cavalry
25:21 Bow Saw
27:12 Wheelbarrow
27:10 Husbandry
32:40 Gold Mining
37:26 Imperial Age
36:36 Heavy Plow
36:41 Town Watch
37:40 Hand Cart
38:55 Plate Barding Armor
37:56 Hussar
38:58 Cavalier
43:00 Stone Mining
43:45 Gold Shaft Mining
44:05 Ballistics
44:46 Chemistry
44:34 Parthian Tactics
44:15 Thumb Ring
44:39 Conscription
44:27 Heavy Cavalry Archer
46:45 Fletching
46:57 Padded Archer Armor
48:03 Bodkin Arrow
49:10 Bracer
50:34 Masonry
50:29 Siege Engineers
53:14 Two-Man Saw
53:51 Leather Archer Armor
54:21 Hoardings
54:26 Recurve Bow
56:32 Crop Rotation
56:08 Corvinian Army
killamaxi92
8:27 Feudal Age
6:42 Loom
12:51 Double-Bit Axe
20:43 Castle Age
18:57 Horse Collar
19:54 Bloodlines
21:25 Forging
22:29 Husbandry
23:35 Wheelbarrow
24:05 Scale Barding Armor
25:18 Gold Mining
26:43 Pikeman
27:55 Squires
28:12 Town Watch
30:41 Light Cavalry
32:41 Fletching
35:19 Bow Saw
35:06 Bodkin Arrow
36:08 Hand Cart
36:46 Ballistics
40:35 Imperial Age
41:30 Iron Casting
41:16 Chain Barding Armor
40:57 Scale Mail Armor
40:52 Heavy Camel Rider
42:12 Stone Mining
42:57 Gold Shaft Mining
45:57 Conscription
46:12 Bracer
47:13 Blast Furnace
48:26 Elite Mangudai
49:46 Thumb Ring
49:02 Elite Skirmisher
49:53 Padded Archer Armor
51:19 Conscription
53:32 Chemistry
52:51 Leather Archer Armor
53:25 Stone Shaft Mining
53:03 Hussar
Connection lost

Rejoining the realm…

Still unreachable

The connection could not be restored.

Session expired

The server has moved on; the page needs a fresh start.